 Dungeon Crawl Stone Soup version 0.31.0-32-g396128a36d (webtiles) character file.

Game seed: 6679964353061691232

268 Cheops the Cudgeller (level 6, 0/47 HPs)
             Began as a Formicid Fighter on Apr 20, 2024.
             Slain by a hobgoblin
             ... wielding a +0 trident
              (7 damage)
             ... on level 4 of the Dungeon.
             The game lasted 00:06:10 (4624 turns).

Cheops the Cudgeller (Formicid Fighter)             Turns: 4624, Time: 00:06:10

Health: 0/47       AC:  6    Str: 22    XL:     6   Next: 46%
Magic:  6/6        EV:  8    Int:  8    God:
Gold:   191        SH:  9    Dex: 13    Spells: 5/5 levels left

rFire   . . .        a - +0 flail
rCold   . . .        g - +0 kite shield
rNeg    . . .        b - +0 scale mail
rPois   .            (helmet unavailable)
rElec   .            (no cloak)
rCorr   .            (no gloves)
SInv    +            (no boots)
Will    .....        (no amulet) Stlth
                     (no ring)
HPRegen 0.27/turn    (no ring)
MPRegen 0.10/turn

%: no passive effects
@: no status effects
A: permanent stasis, dig shafts and tunnels, antennae 3, four strong arms
a: Dig, Shaft Self


You were on level 4 of the Dungeon.
You visited 1 branch of the dungeon, and saw 4 of its levels.

You collected 215 gold pieces.
You spent 24 gold pieces at shops.

Inventory:

Hand Weapons
 a - a +0 flail (weapon)
Armour
 b - a +0 scale mail (worn)
 c - a +0 buckler
 g - a +0 kite shield (worn)
Scrolls
 e - 4 scrolls of teleportation {unknown}
 f - a scroll of butterflies {unknown}
 i - 8 scrolls of identify
 j - 2 scrolls of poison {unknown}
 l - a scroll of noise {unknown}
 p - a scroll of silence {unknown}
 q - 2 scrolls of vulnerability {unknown}
 r - a scroll of immolation {unknown}
 s - a scroll of fog {unknown}
Potions
 d - a potion of might
 h - 3 potions of curing
 k - a potion of lignification {unknown}
 m - 3 potions of heal wounds {unknown}
 n - a potion of haste {unknown}
 o - a potion of attraction {unknown}


   Skills:
 - Level 3.2 Fighting
 + Level 6.3 Maces & Flails
 - Level 3.2 Armour
 - Level 4.0 Shields


You had 5 spell levels left.
You didn't know any spells.
Your spell library contained the following spells:

 Spells                   Type           Power      Damage    Failure   Level
 Ensorcelled Hibernation  Hex/Ice        0%         N/A       98%         2
 Passwall                 Erth           0%         N/A       100%        3
 Tukima's Dance           Hex            0%         N/A       100%        3
 Passage of Golubria      Tloc           0%         N/A       100%        4
 Yara's Violent Unravell  Hex/Alch       0%         3d3       100%        5
 Swiftness                Air            Unusable   N/A       N/A         3

Dungeon Overview and Level Annotations

Branches:
Dungeon (4/15)
 Temple: D:4-7

Altars:
Elyvilon
Uskayaw
Vehumet

Shops:
D:1 ?:


Innate Abilities, Weirdness & Mutations

You cannot be hasted, slowed, berserked, paralysed or teleported.
You can dig through walls and to a lower floor.
You have a pair of large antennae on your head. (SInv)
Your four strong arms can wield two-handed weapons with a shield.


Message History

The quokka closely misses you. The hobgoblin barely misses you.
The quokka bites you.
* * * LOW HITPOINT WARNING * * *
You completely miss the quokka.
The quokka is severely wounded.
The hobgoblin hits you from afar with a +0 trident.
* * * LOW HITPOINT WARNING * * *
The quokka bites you but does no damage.
Unknown command.
Unknown command.
Unknown command.
You barely miss the quokka.
The quokka is severely wounded.
You block the hobgoblin's attack.
The quokka bites you but does no damage.
The hobgoblin barely misses you.
Unknown command.
You barely miss the quokka.
The quokka is severely wounded.
The quokka barely misses you. You block the quokka's attack.
The hobgoblin hits you from afar with a +0 trident.
* * * LOW HITPOINT WARNING * * *
You sock the quokka!
You kill the quokka!
The hobgoblin hits you from afar with a +0 trident.
* * * LOW HITPOINT WARNING * * *
You hit the goblin.
You kill the goblin!
The hobgoblin hits you from afar with a +0 trident.
* * * LOW HITPOINT WARNING * * *
Unknown command.
Unknown command.
It was a potion of curing.
You feel better.
The hobgoblin throws a stone.
The stone hits you but does no damage.
The hobgoblin hits you with a +0 trident.
* * * LOW HITPOINT WARNING * * *
You see here a +0 dagger.
You closely miss the hobgoblin.
The hobgoblin hits you with a +0 trident!
You die...

.... .... ....< #######.....
####...........
###.##........... #>. #
...##....†....# #.#.##
.#..###.##.........# #..
............@.$.†....... #.#
#.. ######.##g........#. #.#
#..#######.##.........# #.#
..........##........... #.#
#..#......#...........
#.######.#......###########.
#...............#
.....###........#
................#


You could see a hobgoblin.

Vanquished Creatures
  2 bombardier beetles
  8 gnolls
  3 adders
  4 dart slugs
  4 orcs
  5 bats
  6 endoplasms
  4 giant cockroaches
  8 hobgoblins
  7 jackals
  8 kobolds
  2 quokkas
  7 ball pythons
  8 frilled lizards
  5 goblins
  6 rats
87 creatures vanquished.

Notes
Turn   | Place    | Note
-------+----------+-------------------------------------------
     0 | D:1      | Cheops the Formicid Fighter began the quest for the Orb.
     0 | D:1      | Reached XP level 1. HP: 18/18 MP: 1/1
    80 | D:1      | Reached XP level 2. HP: 24/24 MP: 2/2
    91 | D:1      | Reached skill level 3 in Maces & Flails
   176 | D:1      | Reached XP level 3. HP: 28/29 MP: 3/3
   223 | D:1      | Found Myock's Magic Scroll Shop.
   249 | D:1      | Bought a scroll of identify for 24 gold pieces
   341 | D:1      | Found Toufaeq's Book Emporium.
   623 | D:1      | Reached skill level 4 in Maces & Flails
   623 | D:1      | Reached XP level 4. HP: 34/34 MP: 4/4
   760 | D:1      | Found Myock's Magic Scroll Shop.
   820 | D:1      | Found Toufaeq's Book Emporium.
  2987 | D:3      | Reached skill level 5 in Maces & Flails
  2987 | D:3      | Reached XP level 5. HP: 37/41 MP: 5/5
  3177 | D:3      | Found a hide-covered altar of Uskayaw.
  3512 | D:3      | Found a radiant altar of Vehumet.
  3631 | D:3      | Found a hide-covered altar of Uskayaw.
  3844 | D:3      | Found a radiant altar of Vehumet.
  4284 | D:4      | Reached XP level 6. HP: 32/47 MP: 6/6
  4295 | D:4      | Reached skill level 6 in Maces & Flails
  4415 | D:4      | Found a white marble altar of Elyvilon.
  4624 | D:4      | Slain by a hobgoblin

Illustrated notes

Levels and vault maps discovered:
D:1:      dpeg_arrival_houses_and_road, layout_basic, serial_shops,
          nicolae_square_shop, shop, grunt_decor_cap
D:2:      layout_basic, hangedman_decor_clover_reticule, minmay_misc_feat_rows,
          reono_crystal_passage, minmay_misc_feat_chi, minmay_small_reverse_x
D:3:      layout_loops_ring, mainiacjoe_overflow_alcove_1,
          nicolae_uskayaw_murder_on_the_dancefloor, nicolae_grassy_gnolls
D:4:      layout_basic, okawaru_trees_2, cheibrodos_worm_habitat,
          mainiacjoe_overflow_concentric_impassable, minmay_stone_trees_small,
          uniq_natasha

Skill      XL: |  1  2  3  4  5  6 |
---------------+-------------------+-----
Maces & Flails | 3 4 5 6 |  6.3
Fighting       | |  3.2
Armour         | |  3.2
Shields        | |  4.0

Action                     |  1- 3 |  4- 6 || total
---------------------------+-------+-------++-------
  Melee: Flail             |    84 |   188 ||   272
Ability: Dig               |    16 |       ||    16
    Use: Potion            |       |     1 ||     1
 Armour: Scale mail        |    52 |   123 ||   175
  Dodge: Dodged            |    29 |    65 ||    94
  Block: Buckler           |     4 |       ||     4
         Kite shield       |    36 |   102 ||   138
